3L
HARTFORD WHALERS @ KINGSTON TOWNSHIP LEGION
08/18/2022
 
TOP OF THE 1ST
Hartford Whalers batting - Pitching for Kingston Township Legion : RHP Jon Briddon
Pitching: RHP Jon Briddon
Batting: RHB Dave Farr 0-0: Called Strike
0-1: Ball
1-1: Foul Ball, location: 2F
1-2: Fly out, F4 (Line Drive, 4)
Batting: RHB Phil Hayes 0-0: Called Strike
0-1: Swinging Strike
0-2: Strikes out looking
Batting: LHB César Durán 0-0: Called Strike
0-1: Ball
1-1: Called Strike
1-2: Ball
2-2: Strikes out swinging
Top of the 1st over - 0 run(s), 0 hit(s), 0 error(s), 0 left on base; Hartford 0 - Kingston Township 0
BOTTOM OF THE 1ST
Kingston Township Legion batting - Pitching for Hartford Whalers : RHP Christian Patrick
Pitching: RHP Christian Patrick
Batting: LHB Forrest McCooke 0-0: Ball
1-0: Foul Ball, location: 2F
1-1: Ball
2-1: SINGLE (Line Drive, 6M)
Batting: RHB Layton Templeman 0-0: Ball
Throwing error on steal attempt, E2
Forrest McCooke to third
1-0: Swinging Strike
1-1: Called Strike
1-2: Strikes out looking
Batting: RHB Pete Knight 0-0: Ball
1-0: Ball
2-0: Ball
3-0: Base on Balls
Batting: LHB Gonzalo López 0-0: Ball
1-0: Ball
2-0: Ball
3-0: Base on Balls
Pete Knight to second
Batting: LHB Wilfrid Savary 0-0: Ball
1-0: Ball
2-0: Called Strike
2-1: Ball
3-1: Base on Balls
Forrest McCooke scores
Pete Knight to third
Gonzalo López to second
Batting: RHB Pedro Mendoza 0-0: Ball
1-0: Foul Ball, location: 2F
1-1: Fly out, F8 (Line Drive, 8LM)
Runner from 3rd tags up, SCORES, throw made
Batting: LHB Marcos Zúñiga 0-0: Ball
1-0: Fly out, F7 (Line Drive, 7M)
Bottom of the 1st over - 2 run(s), 1 hit(s), 1 error(s), 2 left on base; Hartford 0 - Kingston Township 2
TOP OF THE 2ND
Hartford Whalers batting - Pitching for Kingston Township Legion : RHP Jon Briddon
Batting: LHB Gerald Holloway 0-0: Foul Ball, location: 2F
0-1: Ball
1-1: Ground out U3 (Groundball, 3S)
Batting: RHB Brent Burgess 0-0: Fly out, F7 (Line Drive, 7M)
Batting: RHB Román Centena 0-0: Ball
1-0: Ground out 1-3 (Groundball, 15S)
Top of the 2nd over - 0 run(s), 0 hit(s), 0 error(s), 0 left on base; Hartford 0 - Kingston Township 2
BOTTOM OF THE 2ND
Kingston Township Legion batting - Pitching for Hartford Whalers : RHP Christian Patrick
Batting: RHB Clarence Neal 0-0: Ball
1-0: Called Strike
1-1: Ball
2-1: Swinging Strike
2-2: Ball
3-2: Foul Ball, location: 2F
3-2: Strikes out swinging
Batting: RHB Ernie McPherson 0-0: Swinging Strike
0-1: Ball
1-1: Ball
2-1: Bunted foul
2-2: Foul Ball, location: 2F
2-2: SINGLE (Groundball, 56)
Batting: LHB Forrest McCooke 0-0: Ball
Single, Error in OF, E7, batter to second base
Ernie McPherson to third
Batting: RHB Layton Templeman 0-0: Ball
1-0: Ball
2-0: Swinging Strike
2-1: Foul Ball, location: 2F
2-2: Ball
3-2: Strikes out swinging
Batting: RHB Pete Knight 0-0: Ball
1-0: Ball
2-0: Fly out, F3 (Popup, 34)
Bottom of the 2nd over - 0 run(s), 2 hit(s), 1 error(s), 2 left on base; Hartford 0 - Kingston Township 2
TOP OF THE 3RD
Hartford Whalers batting - Pitching for Kingston Township Legion : RHP Jon Briddon
Batting: LHB Norm Ortega 0-0: Foul Ball, location: 2F
0-1: Fly out, F6 (Popup, 6D)
Batting: RHB Javier Díaz 0-0: Ground out 4-3 (Groundball, 4)
Batting: LHB James Sorensen 0-0: Ball
1-0: Ball
2-0: Ball
3-0: Called Strike
3-1: Called Strike
3-2: Base on Balls
Batting: RHB Dave Farr 0-0: Ball
1-0: Ball
2-0: Called Strike
2-1: Swinging Strike
2-2: Foul Ball, location: 2F
2-2: Foul Ball, location: 2F
2-2: Strikes out swinging
Top of the 3rd over - 0 run(s), 0 hit(s), 0 error(s), 1 left on base; Hartford 0 - Kingston Township 2
BOTTOM OF THE 3RD
Kingston Township Legion batting - Pitching for Hartford Whalers : RHP Christian Patrick
Batting: LHB Gonzalo López 0-0: Ball
1-0: Called Strike
1-1: Fly out, F4 (Line Drive, 4)
Batting: LHB Wilfrid Savary 0-0: Ball
1-0: Ground out 4-3 (Groundball, 4)
Batting: RHB Pedro Mendoza 0-0: Called Strike
0-1: SINGLE (Line Drive, 4MD)
Batting: LHB Marcos Zúñiga 0-0: Ball
1-0: Ball
2-0: Ball
3-0: Called Strike
3-1: Base on Balls
Pedro Mendoza to second
Batting: RHB Clarence Neal 0-0: Called Strike
0-1: Foul Ball, location: 2F
0-2: Strikes out swinging
Bottom of the 3rd over - 0 run(s), 1 hit(s), 0 error(s), 2 left on base; Hartford 0 - Kingston Township 2
TOP OF THE 4TH
Hartford Whalers batting - Pitching for Kingston Township Legion : RHP Jon Briddon
Batting: RHB Phil Hayes 0-0: Called Strike
0-1: Ball
1-1: Foul Ball, location: 2F
1-2: SINGLE (Line Drive, 89M)
Batting: LHB César Durán 0-0: Ball
1-0: Ball
2-0: Foul Ball, location: 2F
2-1: SINGLE (Groundball, 34D)
Phil Hayes to second
Runner from 2nd tries for 3rd, SAFE, throw made to third
Batting: LHB Gerald Holloway Pickoff Throw to First - Out!
0-0: Swinging Strike
0-1: Fly out, F8 (Flyball, 8RS)
Batting: RHB Brent Burgess 0-0: Called Strike
0-1: Swinging Strike
0-2: Strikes out swinging
Top of the 4th over - 0 run(s), 2 hit(s), 0 error(s), 1 left on base; Hartford 0 - Kingston Township 2
BOTTOM OF THE 4TH
Kingston Township Legion batting - Pitching for Hartford Whalers : RHP Christian Patrick
Batting: RHB Ernie McPherson 0-0: Ball
1-0: Ball
2-0: Ball
3-0: Foul Ball, location: 2F
3-1: Bunt missed!
3-2: SINGLE (Line Drive, 9S)
Batting: LHB Forrest McCooke 0-0: Ball
1-0: Ball
2-0: Ball
3-0: Called Strike
3-1: Base on Balls
Ernie McPherson to second
Batting: RHB Layton Templeman 0-0: Ball
1-0: Called Strike
1-1: Called Strike
1-2: Ball
2-2: SINGLE (Groundball, 56D)
Ernie McPherson to third
Forrest McCooke to second
Runner from 3rd tries for Home, throw and OUT!
Forrest McCooke to third
Layton Templeman to second
Batting: RHB Pete Knight 0-0: Swinging Strike
0-1: Fly out, F9 (Flyball, 89M)
Runner from 3rd tags up, SCORES, no throw
Batting: LHB Gonzalo López 0-0: Ball
1-0: Swinging Strike
1-1: Ball
2-1: Foul Ball, location: 2F
2-2: Ground out 4-3 (Groundball, 34)
Bottom of the 4th over - 1 run(s), 2 hit(s), 0 error(s), 1 left on base; Hartford 0 - Kingston Township 3
TOP OF THE 5TH
Hartford Whalers batting - Pitching for Kingston Township Legion : RHP Jon Briddon
Batting: RHB Román Centena 0-0: Ball
1-0: Ball
2-0: DOUBLE (Line Drive, 5D)
Batting: LHB Norm Ortega 0-0: Ball
1-0: Swinging Strike
1-1: Foul Ball, location: 2F
1-2: Ball
2-2: Ball
3-2: Strikes out swinging
Batting: RHB Javier Díaz 0-0: Called Strike
0-1: Ball
1-1: Ball
2-1: Ball
3-1: Swinging Strike
3-2: Strikes out swinging
Batting: LHB James Sorensen 0-0: Fly out, F6 (Popup, 6D)
Top of the 5th over - 0 run(s), 1 hit(s), 0 error(s), 1 left on base; Hartford 0 - Kingston Township 3
BOTTOM OF THE 5TH
Kingston Township Legion batting - Pitching for Hartford Whalers : RHP Christian Patrick
Batting: LHB Wilfrid Savary 0-0: Ball
1-0: Ball
2-0: Ball
3-0: Called Strike
3-1: Ground out 5-3 (Groundball, 5S)
Batting: RHB Pedro Mendoza 0-0: Ground out 6-3 (Groundball, 6M)
Batting: LHB Marcos Zúñiga 0-0: Ball
1-0: Ground out 5-3 (Groundball, 56S)
Bottom of the 5th over - 0 run(s), 0 hit(s), 0 error(s), 0 left on base; Hartford 0 - Kingston Township 3
TOP OF THE 6TH
Hartford Whalers batting - Pitching for Kingston Township Legion : RHP Jon Briddon
Batting: RHB Dave Farr 0-0: Fly out, F3 (Popup, 13)
Batting: RHB Phil Hayes 0-0: Ground out 5-3 (Groundball, 5)
Batting: LHB César Durán 0-0: Ball
1-0: Ball
2-0: SINGLE (Line Drive, 56D)
Batting: LHB Gerald Holloway 0-0: Called Strike
0-1: Ball
1-1: Called Strike
1-2: Ball
2-2: Strikes out swinging
Top of the 6th over - 0 run(s), 1 hit(s), 0 error(s), 1 left on base; Hartford 0 - Kingston Township 3
BOTTOM OF THE 6TH
Kingston Township Legion batting - Pitching for Hartford Whalers : RHP Christian Patrick
Batting: RHB Clarence Neal 0-0: Called Strike
0-1: Foul Ball, location: 2F
0-2: Ball
1-2: Ball
2-2: Ball
3-2: Fly out, F1 (Line Drive, 13S)
Batting: RHB Ernie McPherson 0-0: Ball
1-0: Ball
2-0: SINGLE (Groundball, 56)
Batting: LHB Forrest McCooke 0-0: Called Strike
0-1: Ball
1-1: Swinging Strike
1-2: Ball
2-2: Ball
3-2: Fielders Choice at 2nd, 6-4 (Groundball, 6M)
Pitching: RHP Glenn West
Batting: RHB Layton Templeman 0-0: Ball
Forrest McCooke steals 2nd base
1-0: SINGLE (Line Drive, 4D)
Forrest McCooke to third
Runner from 3rd tries for Home, SAFE, no throw or cutoff
Batting: RHB Pete Knight 0-0: Called Strike
0-1: Foul Ball, location: 2F
0-2: SINGLE (Groundball, 25) (infield hit)
Layton Templeman to second
Batting: LHB Gonzalo López 0-0: Ball
1-0: Ground out 4-3 (Groundball, 34)
Bottom of the 6th over - 1 run(s), 3 hit(s), 0 error(s), 2 left on base; Hartford 0 - Kingston Township 4
TOP OF THE 7TH
Hartford Whalers batting - Pitching for Kingston Township Legion : RHP Jon Briddon
Batting: RHB Brent Burgess 0-0: Foul Ball, location: 2F
0-1: Ball
1-1: Ground out 6-3 (Groundball, 6)
Batting: RHB Román Centena 0-0: Called Strike
0-1: Ground out 5-3 (Groundball, 5)
Batting: LHB Norm Ortega 0-0: Ball
1-0: Ball
2-0: Swinging Strike
2-1: Swinging Strike
2-2: Foul Ball, location: 2F
2-2: Strikes out swinging
Top of the 7th over - 0 run(s), 0 hit(s), 0 error(s), 0 left on base; Hartford 0 - Kingston Township 4
BOTTOM OF THE 7TH
Kingston Township Legion batting - Pitching for Hartford Whalers : RHP Glenn West
Batting: LHB Wilfrid Savary 0-0: Ball
1-0: Called Strike
1-1: Foul Ball, location: 2F
1-2: SINGLE (Groundball, 34D)
Batting: RHB Pedro Mendoza 0-0: Called Strike
0-1: Called Strike
0-2: Ball
1-2: Ball
Wild Pitch!
Wilfrid Savary to second
2-2: Foul Ball, location: 2F
2-2: Ball
3-2: Intentional Walk
Batting: LHB Marcos Zúñiga 0-0: Swinging Strike
0-1: Called Strike
0-2: Strikes out swinging
Batting: RHB Clarence Neal 0-0: Ball
1-0: Grounds into double play, 1-6-3 (Groundball, 13S)
Bottom of the 7th over - 0 run(s), 1 hit(s), 0 error(s), 1 left on base; Hartford 0 - Kingston Township 4
TOP OF THE 8TH
Hartford Whalers batting - Pitching for Kingston Township Legion : RHP Jon Briddon
Batting: RHB Javier Díaz 0-0: Fly out, F1 (Popup, 15S)
Batting: LHB James Sorensen 0-0: Ball
1-0: Foul Ball, location: 2F
1-1: Called Strike
1-2: Ball
2-2: Ball
3-2: Strikes out looking
Batting: RHB Dave Farr 0-0: Called Strike
0-1: Ball
1-1: Ball
2-1: Swinging Strike
2-2: Strikes out swinging
Top of the 8th over - 0 run(s), 0 hit(s), 0 error(s), 0 left on base; Hartford 0 - Kingston Township 4
BOTTOM OF THE 8TH
Kingston Township Legion batting - Pitching for Hartford Whalers : RHP Glenn West
Batting: RHB Ernie McPherson 0-0: Ball
1-0: Ball
2-0: Ball
3-0: Called Strike
3-1: DOUBLE (Line Drive, 5L)
Batting: LHB Forrest McCooke 0-0: Ball
1-0: Swinging Strike
1-1: Ground out U3 (Groundball, 3L)
Ernie McPherson to third
Batting: RHB Layton Templeman 0-0: Intentional Walk
Batting: RHB Pete Knight 0-0: Ball
1-0: Called Strike
1-1: Foul Ball, location: 2F
1-2: Ball
2-2: DOUBLE (Groundball, 5L)
Ernie McPherson scores
Layton Templeman to third
Batting: LHB Gonzalo López 0-0: Foul Ball, location: 2F
0-1: Ball
1-1: Foul Ball, location: 2F
1-2: Ball
2-2: DOUBLE (Line Drive, 9LS)
Layton Templeman scores
Pete Knight scores
Batting: LHB Wilfrid Savary 0-0: Called Strike
0-1: Swinging Strike
0-2: Ball
1-2: Ball
2-2: Ball
3-2: Base on Balls
Batting: RHB Pedro Mendoza 0-0: Hit by Pitch
Gonzalo López to third
Wilfrid Savary to second
Batting: LHB Marcos Zúñiga 0-0: Ball
1-0: Swinging Strike
1-1: Swinging Strike
1-2: Fly out, F7 (Flyball, 7LMF)
Runner from 3rd tags up, OUT at HOME
Bottom of the 8th over - 3 run(s), 3 hit(s), 0 error(s), 2 left on base; Hartford 0 - Kingston Township 7
TOP OF THE 9TH
Hartford Whalers batting - Pitching for Kingston Township Legion : RHP Jon Briddon
Batting: RHB Phil Hayes 0-0: Ball
1-0: Foul Ball, location: 2F
1-1: Called Strike
1-2: Ball
2-2: Ground out 1-3 (Groundball, 13)
Pitching: RHP Louis McDowell
Batting: LHB César Durán 0-0: Foul Ball, location: 2F
0-1: SINGLE (Groundball, 6MD)
Batting: LHB Gerald Holloway 0-0: Ball
1-0: Ball
2-0: Foul Ball, location: 2F
2-1: Swinging Strike
2-2: Strikes out looking
Batting: RHB Brent Burgess 0-0: Swinging Strike
0-1: Foul Ball, location: 2F
0-2: Strikes out swinging
Top of the 9th over - 0 run(s), 1 hit(s), 0 error(s), 1 left on base; Hartford 0 - Kingston Township 7
This league is powered by Out of the Park Baseball, the baseball management simulation game for PC, Mac and Linux
Friday, April 15th, 2016 - OOTP Baseball 16.9 Build 39